 Dungeon Crawl Stone Soup version 0.30-a0-1043-g60ff8d5f49 (webtiles) character file.

Game seed: 2387798779002265953

163 NinjaNoafa the Shield-Bearer (level 5, -1/38 HPs)
             Began as a Human Wanderer on Apr 10, 2023.
             Slain by a sleepcap (13 damage)
             ... on level 4 of the Dungeon.
             The game lasted 00:06:36 (2003 turns).

NinjaNoafa the Shield-Bearer (Human Wanderer)       Turns: 2003, Time: 00:06:36

Health: -1/38      AC:  2    Str: 12    XL:     5   Next: 73%
Magic:  5/5        EV:  2    Int: 11    God:
Gold:   100        SH:  0    Dex: 16    Spells: 4/4 levels left

rFire   . . .      SeeInvis .    a - +5 spear of Oreron {spect, *Rage *Slow rPois rC+++}
rCold   + + +      Faith    .    d - +0 buckler
rNeg    . . .      Spirit   .    f - +0 robe
rPois   +          Reflect  .    (no helmet)
rElec   .          Rampage  .    (no cloak)
rCorr   .          Rage     20%  (no gloves)
Will    +....                    (no boots)
Stlth   +                        (no amulet)
HPRegen 0.26/turn                j - ring of willpower
MPRegen 0.09/turn                (no ring)

@: sleeping, on berserk cooldown, slowed
A: no striking features
a: no special abilities


You were on level 4 of the Dungeon.
You visited 1 branch of the dungeon, and saw 4 of its levels.

You collected 100 gold pieces.

Inventory:

Hand Weapons
 a - the +5 spear of Oreron (weapon) {spect, *Rage *Slow rPois rC+++}
   (You found it on level 2 of the Dungeon)

   rC:        It renders you almost immune to cold.
   rPois:     It protects you from poison.
   *Rage:     It berserks you when you make melee attacks (+20% chance).
   *Slow:     It may slow you when you take damage.
Missiles
 e - 7 poisoned darts
 p - 10 javelins (quivered)
Armour
 d - a +0 buckler (worn)
 f - a +0 robe (worn)
Jewellery
 j - a ring of willpower (left hand)
 t - a ring of ice
Wands
 u - a wand of light (3)
Scrolls
 c - a scroll of blinking
 g - a scroll of amnesia {unknown}
 h - 2 scrolls of teleportation {unknown}
 i - a scroll of torment {unknown}
 l - a scroll of magic mapping {unknown}
 o - a scroll of immolation {unknown}
 r - 2 scrolls of identify {unknown}
 s - a scroll of noise {unknown}
 w - a scroll of vulnerability {unknown}
Potions
 b - 3 potions of curing
 k - a potion of cancellation {unknown}
 m - a potion of resistance {unknown}
 n - a potion of berserk rage {unknown}
 q - a potion of lignification {unknown}
 v - a potion of attraction {unknown}
 x - a potion of heal wounds


   Skills:
 - Level 2.0 Fighting
 - Level 2.7 Long Blades
 + Level 1.7 Polearms
 - Level 1.0 Throwing
 - Level 1.0 Armour
 + Level 4.2 Shields
 - Level 3.0 Unarmed Combat


You had 4 spell levels left.
You didn't know any spells.
Your spell library contained the following spells:

 Spells                   Type           Power      Damage    Failure   Level
 Ignite Poison            Fire/Tmut/Pois 0%         N/A       80%         3
 Portal Projectile        Hex/Tloc       0%         N/A       80%         3
 Tukima's Dance           Hex            0%         N/A       80%         3
 Vhi's Electric Charge    Tloc/Air       0%         N/A       80%         3
 Sticky Flame             Conj/Fire      0%         2d3       99%         4
 Arcjolt                  Conj/Air       0%         1d10      100%        5
 Blade Hands              Tmut           0%         N/A       100%        5
 Ignition                 Fire           0%         3d3       100%        8
 Maxwell's Capacitive Co  Air            0%         ∞         100%        8


Dungeon Overview and Level Annotations

Branches:
Dungeon (4/15)
 Temple: D:4-7

Altars:


Message History

The sleepcap closely misses you.
There is an open door here.
You hit the sleepcap.
The sleepcap is lightly damaged.
Your +5 spear of Oreron {spect, *Rage *Slow rPois rC+++} hits the sleepcap.
The goblin barely misses your +5 spear of Oreron {spect, *Rage *Slow rPois rC+++}.
The sleepcap releases spores at you.
You are engulfed in a cloud of soporific spores!
You fall asleep.
The goblin barely misses your +5 spear of Oreron {spect, *Rage *Slow rPois rC+++}.
The sleepcap releases spores at you.
You wake up.
The sleepcap attacks as you move away! The sleepcap releases spores at you.
* * * LOW HITPOINT WARNING * * *
The sleepcap releases spores at you.
* * * LOW HITPOINT WARNING * * *
Unknown command.
You hit the sleepcap.
The sleepcap is heavily damaged.
Your +5 spear of Oreron {spect, *Rage *Slow rPois rC+++} hits the sleepcap from afar.
The sleepcap releases spores at you.
* * * LOW HITPOINT WARNING * * *
Unknown command.
Unknown command.
The sleepcap closely misses you.
Throw: 11 javelins
Press: ? - help, Q - select action, (/) - cycle Shift-Dir - straight line, f - goblin
Aim: a goblin, wielding a +0 dagger (53% to hit)
You throw a javelin.
The javelin pierces through the sleepcap but does no damage.
The sleepcap is heavily damaged.
The javelin closely misses the goblin.
The sleepcap releases spores at you.
* * * LOW HITPOINT WARNING * * *
The sleepcap releases spores at you.
* * * LOW HITPOINT WARNING * * *
You are engulfed in a cloud of soporific spores!
You fall asleep.
The sleepcap barely misses you. The sleepcap releases spores at you!
You die...

#.......# .....
##.......##..... #######
'.........'..... #......
#......†..##...###.#####
...........# #'##<..#...
##.......### #......#.##
#+#!..#g# #....#..)....
#####f###....#..#####
.#.####@...+....#....
........####....##.###
.######.#..+....+.)#
#.#.##....#..#
#.#..........####
#.#.#............
#.........########
###.######........ #.#
#.#######


You could see a sleepcap and a goblin.

Vanquished Creatures
  2 sleepcaps (D:3)
  4 gnolls
  An adder (D:2)
  2 dart slugs
  4 ball pythons
  4 bats
  3 endoplasms
  4 giant cockroaches
  6 goblins
  7 hobgoblins
  6 jackals (D:1)
  6 kobolds
  A quokka (D:2)
  2 frilled lizards (D:1)
  2 rats
54 creatures vanquished.

Notes
Turn   | Place    | Note
-------+----------+-------------------------------------------
     0 | D:1      | NinjaNoafa the Human Wanderer began the quest for the Orb.
     0 | D:1      | NinjaNoafa set off with the following items: a +0 falchion,
                  | a scroll of fear, a scroll of blinking, a +0 buckler, a
                  | potion of heal wounds, a +0 robe.
     0 | D:1      | Reached XP level 1. HP: 16/16 MP: 1/1
   176 | D:1      | Reached XP level 2. HP: 19/22 MP: 2/2
   314 | D:1      | Reached XP level 3. HP: 12/27 MP: 3/3
   654 | D:2      | Reached skill level 3 in Shields
   747 | D:1      | Reached XP level 4. HP: 18/33 MP: 4/4
  1048 | D:2      | Identified the +5 spear of Oreron {spect, *Rage *Slow rPois
                  | rC+++}
  1383 | D:3      | Reached XP level 5. HP: 38/38 MP: 5/5
  1617 | D:3      | Reached skill level 1 in Polearms
  1617 | D:3      | Reached skill level 4 in Shields
  2003 | D:4      | Slain by a sleepcap

Illustrated notes

Levels and vault maps discovered:
D:1:      scummos_arrival_simple_crosswalls, layout_rooms
D:2:      layout_rooms
D:3:      layout_basic, hellmonk_no_cap
D:4:      nicolae_cairo_tiling_very_big, layout_basic, overflow_temple_1_default

Skill      XL: |  1  2  3  4  5 |
---------------+----------------+-----
Long Blades    | 2 |  2.7
Shields        | 3 4 |  4.2
Polearms       | 1 |  1.7
Fighting       | |  2.0
Throwing       | |  1.0
Armour         | |  1.0
Unarmed Combat | |  3.0

Action                     |  1- 3 |  4- 6 || total
---------------------------+-------+-------++-------
  Melee: Falchion          |   116 |    16 ||   132
         Spear             |       |    35 ||    35
  Throw: Javelin           |     3 |     1 ||     4
    Use: Scroll            |     1 |       ||     1
         Potion            |     4 |       ||     4
   Stab: Sleeping          |       |     1 ||     1
 Armour: Robe              |    38 |     8 ||    46
  Dodge: Dodged            |    79 |    27 ||   106
  Block: Buckler           |    37 |    16 ||    53

Table legend: (Time is in decaauts)
 A = Elapsed time spent in this place.
 B = Non-inter-level travel time spent in this place.
 C = Inter-level travel time spent in this place.
 D = Time resting spent in this place.
 E = Time spent auto-exploring this place.
 F = Levels seen in this place.
 G = Mean time per level.
                   A        B        C        D        E       F      G
               +--------+--------+--------+--------+--------+-----+--------+
         Total |   2087 |   2007 |     80 |    205 |   1213 |   4 |  521.8 |
       Dungeon |   2087 |   2007 |     80 |    205 |   1213 |   4 |  521.8 |
               +--------+--------+--------+--------+--------+-----+--------+

Top non-repeatable levels by time:
     D:1: 815 daAuts
     D:3: 650 daAuts
     D:2: 522 daAuts
     D:4: 98 daAuts
